 Dungeon Crawl Stone Soup version 0.31.0-32-g396128a36d (webtiles) character file.

Game seed: 14676966736283621448

115 H0rd4k the Insei (level 5, -2/34 HPs)
             Began as an Octopode Artificer on Mar 14, 2024.
             Slain by an ogre
             ... wielding a +0 giant spiked club
              (15 damage)
             ... on level 4 of the Dungeon.
             The game lasted 00:01:55 (2380 turns).

H0rd4k the Insei (Octopode Artificer)               Turns: 2380, Time: 00:01:55

Health: -2/34      AC:  1    Str: 11    XL:     5   Next: 0%
Magic:  5/5        EV: 13    Int: 16    God:
Gold:   264        SH:  0    Dex: 12    Spells: 4/4 levels left

rFire   . .          .
                       - Unarmed
rCold   . . .        (no shield)
rNeg    + . .        (helmet restricted)
rPois   .            (no amulet)
rElec   .            i - ring of positive energy
rCorr   .            (no ring)
SInv    .            (no ring)
Will    .....        (no ring)
Stlth   +++          (no ring)
HPRegen 0.25/turn    (no ring)
MPRegen 0.09/turn    (no ring)
                     (no ring)

%: no passive effects
@: no status effects
A: almost no armour, amphibious, 8 rings, camouflage 1, gelatinous body 1,
(nimble swimmer 1), tentacles
a: no special abilities


You were on level 4 of the Dungeon.
You visited 1 branch of the dungeon, and saw 4 of its levels.

You collected 264 gold pieces.

Inventory:

Missiles
 g - 4 datura-tipped darts
Magical Staves
 e - a staff of earth
Jewellery
 i - a ring of positive energy (left tentacle)
 m - a ring of protection from fire
Wands
 b - a wand of flame (15) (quivered)
 c - a wand of charming (13)
 d - a wand of iceblast (5)
Scrolls
 a - 3 scrolls of teleportation {unknown}
 f - a scroll of revelation {unknown}
 h - a scroll of noise {unknown}
 k - 2 scrolls of vulnerability {unknown}
 o - a scroll of fog {unknown}
 p - a scroll of identify {unknown}
 q - a scroll of amnesia {unknown}
Potions
 j - a potion of haste {unknown}
 l - 2 potions of curing {unknown}
 n - a potion of heal wounds {unknown}


   Skills:
 + Level 2.2 Fighting
 - Level 2.3 Dodging
 - Level 1.3 Stealth
 + Level 3.8 Unarmed Combat
 - Level 3.2 Evocations


You had 4 spell levels left.
You didn't know any spells.
Your spell library contained the following spells:

 Spells                   Type           Power      Damage    Failure   Level
 Magic Dart               Conj           0%         1d3       26%         1
 Blink                    Tloc           0%         N/A       36%         2
 Call Imp                 Summ           0%         N/A       36%         2


Dungeon Overview and Level Annotations

Branches:
Dungeon (4/15)
 Temple: D:4-7

Altars:

Shops:
D:1 *

Annotations:
D:3 Pargi


Innate Abilities, Weirdness & Mutations

You cannot wear most types of armour.
You are amphibious.
You can wear up to eight rings at the same time.
Your skin changes colour to match your surroundings (Stealth+).
Your rubbery body absorbs attacks. (AC +1, EV +1)
((You are camouflaged when in or above water. (Stealth+)))
You have tentacles for arms and can constrict up to eight enemies at once.


Message History

An endoplasm comes into view.
The giant cockroach closely misses you.
The ufetubus hits you but does no damage.
The ufetubus barely misses you. The ufetubus attacks as it pursues you!
The ufetubus hits you. x2
The giant cockroach attacks as it pursues you!
The giant cockroach bites you but does no damage.
Saving game... please wait.
Welcome back, H0rd4k the Octopode Artificer.
Press ? for a list of commands and other information.
Found a brown potion.
The ufetubus closely misses you. The ufetubus hits you.
You tentacle-slap the ufetubus. Your grab misses the ufetubus.
You squeeze the ufetubus.
The ufetubus is moderately wounded.
The ufetubus slips past you! The ufetubus hits you. x3
The ufetubus completely misses you.
You barely miss the ufetubus. Your grab misses the ufetubus.
The ufetubus is moderately wounded.
The ufetubus barely misses you. x2; The giant cockroach misses you.
You closely miss the ufetubus. You grab the ufetubus.
You tentacle-slap the ufetubus, but do no damage.
You squeeze the ufetubus.
The ufetubus is almost dead.
You constrict the ufetubus, but do no damage.
The ufetubus hits you. The ufetubus misses you.
The giant cockroach closely misses you.
You tentacle-slap the ufetubus.
You kill the ufetubus!
The giant cockroach waves its antennae.
The giant cockroach closely misses you.
You tentacle-slap the giant cockroach.
You kill the giant cockroach!
You have reached level 5!
You feel clever.
Aiming: Charm
Press: ? - help, Shift-Dir - straight line, f - ogre
Aim: an ogre, wielding a +0 giant spiked club (chance to affect: 57%)
The ogre resists with significant effort.
The ogre hits you with a +0 giant spiked club!
You die...

##########
#...<....#
#######.######.#
........######.####
.###.............<<
#.####....O.....
... #O##.$....# ##.
#@# .###..# #
#........# ..
#.#...##.# J ....##
... ####. ##.# ..
.. .! . ...


You could see an ogre.

Vanquished Creatures
  A bombardier beetle (D:3)
  2 adders (D:2)
  2 ufetubi (D:4)
  2 dart slugs
  A ribbon worm (D:3)
  3 ball pythons
  An endoplasm (D:2)
  2 giant cockroaches
  4 goblins
  3 hobgoblins
  4 jackals (D:2)
  2 quokkas (D:2)
  11 bats
  5 frilled lizards
  5 kobolds
  4 rats
52 creatures vanquished.

Notes
Turn   | Place    | Note
-------+----------+-------------------------------------------
     0 | D:1      | H0rd4k the Octopode Artificer began the quest for the Orb.
     0 | D:1      | Reached XP level 1. HP: 13/13 MP: 1/1
   111 | D:1      | Reached skill level 1 in Unarmed Combat
   113 | D:1      | Reached XP level 2. HP: 17/18 MP: 2/2
   275 | D:1      | Found Gekh's General Store.
   297 | D:1      | Found a faded altar of an unknown god.
   485 | D:1      | Reached XP level 3. HP: 23/23 MP: 3/3
  1429 | D:2      | Reached XP level 4. HP: 29/29 MP: 4/4
  1478 | D:2      | Found the +5 woodcutter's axe
  1722 | D:3      | Noticed Pargi
  2367 | D:4      | Noticed an ogre
  2380 | D:4      | Reached XP level 5. HP: 12/34 MP: 5/5
  2380 | D:4      | Slain by an ogre

Illustrated notes

Levels and vault maps discovered:
D:1:      dpeg_arrival_rhombi, layout_basic,
          hellmonk_ecumenical_altar_heavens_door, serial_shops, shop,
          kennysheep_minor_cross
D:2:      layout_basic, minmay_pentomino_q4
D:3:      layout_loops_ring, uniq_pargi
D:4:      layout_loops_ring, nicolae_overflow_hidden_temple,
          guppyfry_early_lair_pool

Skill      XL: |  1  2  3  4 |
---------------+-------------+-----
Unarmed Combat | 1 2 3 |  3.8
Fighting       | 2 |  2.2
Dodging        | |  2.3
Stealth        | |  1.3
Evocations     | |  3.2

Action                     |  1- 3 |  4- 6 || total
---------------------------+-------+-------++-------
  Melee: Unarmed           |    88 |    44 ||   132
         Constrict         |    23 |     8 ||    31
         Tentacles         |     9 |    12 ||    21
         Punch             |       |     2 ||     2
  Evoke: Wand              |       |     2 ||     2
   Stab: Sleeping          |     7 |     3 ||    10
 Armour: Skin              |    41 |    30 ||    71
  Dodge: Dodged            |    72 |    50 ||   122
